 Dungeon Crawl Stone Soup version 0.31-a0-841-g038b102fc3 (webtiles) character file.

Game seed: 15037428654158381802

540 Kurtz the Sneak (level 7, 0/50 HPs)
             Began as an Octopode Fighter on Sept 27, 2023.
             Succumbed to a water moccasin's poison
             ... on level 5 of the Dungeon.
             The game lasted 00:03:28 (3227 turns).

Kurtz the Sneak (Octopode Fighter)                  Turns: 3227, Time: 00:03:29

Health: 0/50       AC:  1    Str: 16    XL:     7   Next: 26%
Magic:  7/7        EV: 13    Int: 10    God:
Gold:   169        SH:  5    Dex: 13    Spells: 6/6 levels left

rFire   . . .        y - +2 hand axe (heavy)
rCold   . . .        b - +0 buckler
rNeg    + . .        (helmet restricted)
rPois   .            i - amulet of regeneration
rElec   .            o - ring of positive energy
rCorr   .            (no ring)
SInv    .            (no ring)
Will    +....        (no ring)
Stlth   ++++         (no ring)
HPRegen 1.08/turn    (no ring)
MPRegen 0.10/turn    (no ring)
                     (no ring)

%: no passive effects
@: lethally poisoned (0 -> -1), enlightened, flying
A: almost no armour, amphibious, 8 rings, camouflage 1, gelatinous body 1,
(nimble swimmer 1), tentacles
a: no special abilities


You were on level 5 of the Dungeon.
You visited 1 branch of the dungeon, and saw 5 of its levels.

You collected 169 gold pieces.

Inventory:

Hand Weapons
 a - a +0 war axe
 d - a +3 vampiric morningstar
 y - a +2 heavy hand axe (weapon)
Missiles
 h - 2 curare-tipped darts
 k - a throwing net (quivered)
 l - 4 javelins
 u - 5 boomerangs
Armour
 b - a +0 buckler (worn)
Jewellery
 i - an amulet of regeneration (around mantle)
 o - a ring of positive energy (left tentacle)
Wands
 v - a wand of flame (12)
Scrolls
 e - 4 scrolls of identify {unknown}
 f - 4 scrolls of teleportation {unknown}
 m - 3 scrolls of vulnerability {unknown}
 q - 3 scrolls of fear {unknown}
 t - a scroll of fog {unknown}
 w - a scroll of immolation {unknown}
 x - a scroll of noise {unknown}
Potions
 c - a potion of might
 j - 2 potions of curing {unknown}
 n - a potion of mutation {unknown}
 p - 2 potions of haste {unknown}
 r - a potion of attraction {unknown}
 s - a potion of cancellation {unknown}
 z - a potion of brilliance {unknown}
 A - a potion of heal wounds {unknown}


   Skills:
 - Level 5.5 Fighting
 * Level 3.8 Axes
 - Level 3.0 Dodging
 - Level 5.9 Stealth
 - Level 3.6 Shields


You had 6 spell levels left.
You didn't know any spells.
Your spell library contained the following spells:

 Spells                   Type           Power      Damage    Failure   Level
 Magic Dart               Conj           0%         1d3       43%         1
 Summon Small Mammal      Summ           0%         N/A       43%         1
 Call Imp                 Summ           0%         N/A       58%         2
 Call Canine Familiar     Summ           0%         N/A       82%         3
 Mephitic Cloud           Conj/Pois/Air  0%         N/A       82%         3
 Summon Guardian Golem    Hex/Summ       0%         N/A       82%         3


Dungeon Overview and Level Annotations

Branches:
Dungeon (5/15)
 Temple: D:4-7

Altars:
Trog
Xom

Shops:
D:4 :(=


Innate Abilities, Weirdness & Mutations

You cannot wear most types of armour.
You are amphibious.
You can wear up to eight rings at the same time.
Your skin changes colour to match your surroundings (Stealth+).
Your rubbery body absorbs attacks. (AC +1, EV +1)
((You are camouflaged when in or above water. (Stealth+)))
You have tentacles for arms and can constrict up to eight enemies at once.


Message History

The water moccasin is heavily wounded.
You feel very sick. The water moccasin bites you. x3
You closely miss the water moccasin. Your grab misses the water moccasin.
Your squeeze misses the water moccasin.
The water moccasin is heavily wounded.
You feel very sick. You block the water moccasin's attack.
The water moccasin misses you.
Unknown command.
You completely miss the water moccasin. Your grab misses the water moccasin.
The water moccasin is heavily wounded.
You feel very sick. The water moccasin barely misses you.
You block the water moccasin's attack.
You hit the water moccasin. Your grab misses the water moccasin.
Your squeeze misses the water moccasin.
The water moccasin is heavily wounded.
You feel sick. The water moccasin misses you. The water moccasin bites you. x2
You are more poisoned.
The water moccasin poisons you!
You are too injured to fight recklessly!
You are too injured to fight recklessly!
Unknown command.
You hit the water moccasin. Your grab misses the water moccasin.
You squeeze the water moccasin, but do no damage.
The water moccasin is heavily wounded.
You feel very sick. The water moccasin bites you. The water moccasin bites you!
* * * LOW HITPOINT WARNING * * *
You closely miss the water moccasin. You grab the water moccasin.
You squeeze the water moccasin.
The water moccasin is severely wounded.
You constrict the water moccasin.
You feel very sick. The water moccasin barely misses you.
The water moccasin bites you!
* * * LOW HITPOINT WARNING * * *
The water moccasin misses you.
It was a potion of enlightenment.
You feel very buoyant.
You fly up into the air.
You constrict the water moccasin.
You die...

#... ..# #.#.##
#..###.###....##
###..##..........#
#................#
#..##..###....<#
#.............##
##.##..#####.##
#.##..#####.#
#@##........#
#S##.######.#
#.##.# #.# #.##.#
#.# #.##.# #.#
#.#..# #.# ...#.#
#.# ...... ... ###


You could see a water moccasin.

Vanquished Creatures
  A phantom (D:4)
  3 scorpions (D:4)
  An orc priest (D:4)
  2 hounds (D:4)
  2 iguanas (D:4)
  An orc wizard (D:4)
  2 adders (D:2)
  A worm (D:3)
  A dart slug (D:3)
  7 orcs (D:4)
  6 ball pythons
  3 bats
  12 endoplasms
  2 giant cockroaches (D:1)
  11 goblins
  6 hobgoblins
  4 jackals (D:3)
  9 kobolds
  5 quokkas
  4 frilled lizards
  4 rats
87 creatures vanquished.

Notes
Turn   | Place    | Note
-------+----------+-------------------------------------------
     0 | D:1      | Kurtz the Octopode Fighter began the quest for the Orb.
     0 | D:1      | Reached XP level 1. HP: 16/16 MP: 1/1
    73 | D:1      | Reached XP level 2. HP: 14/21 MP: 2/2
   389 | D:1      | Reached XP level 3. HP: 26/26 MP: 3/3
   390 | D:1      | Reached skill level 1 in Stealth
  1036 | D:2      | Reached XP level 4. HP: 33/33 MP: 4/4
  1498 | D:2      | Identified the +0 robe of Gallantry {+Blink Fly rElec
                  | Int-5}
  1743 | D:3      | Found a shimmering altar of Xom.
  1744 | D:3      | Found a bloodstained altar of Trog.
  2284 | D:4      | Found Puoraw's Antique Weapon Emporium.
  2303 | D:4      | Noticed a scorpion
  2315 | D:4      | Killed a scorpion
  2316 | D:4      | Reached XP level 5. HP: 25/37 MP: 5/5
  2389 | D:4      | Reached XP level 6. HP: 34/44 MP: 6/6
  2516 | D:4      | Found Sunud's Book Shoppe.
  2537 | D:4      | Reached skill level 5 in Fighting
  2537 | D:4      | Reached skill level 5 in Stealth
  2746 | D:4      | Reached XP level 7. HP: 50/50 MP: 7/7
  2787 | D:4      | Found Plog's Jewellery Shop.
  3196 | D:5      | Entered Level 5 of the Dungeon
  3226 | D:5      | HP: 1/50 [water moccasin (8)]
  3227 | D:5      | Succumbed to a water moccasin's poison

Illustrated notes

Levels and vault maps discovered:
D:1:      sevenhm_arrival_forest_fort_small_4, layout_basic,
          hangedman_decor_points
D:2:      layout_loops_corners
D:3:      layout_basic, nicolae_overflow_two_pavilions
D:4:      layout_gridville, serial_shops, nicolae_book_shop_shelving, shop,
          nicolae_shop_tiny_real_fake_doors, hangedman_decor_peaks_small
D:5:      layout_loops_ring, minmay_temple_entry_wispy, pf_guarded_unrand_meek,
          uniq_blork_the_orc

Skill      XL: |  1  2  3  4  5  6 |
---------------+-------------------+-----
Stealth        | 2 3 4 5 |  5.9
Axes           | 3 |  3.8
Fighting       | 4 5 |  5.5
Dodging        | |  3.0
Shields        | |  3.6

Action                     |  1- 3 |  4- 6 |  7- 9 || total
---------------------------+-------+-------+-------++-------
  Melee: Morningstar       |    50 |    89 |       ||   139
         War axe           |     4 |       |       ||     4
         Constrict         |    12 |    20 |     4 ||    36
         Tentacles         |     8 |    12 |     4 ||    24
         Hand axe          |       |       |    14 ||    14
  Throw: Javelin           |       |     3 |       ||     3
         Throwing net      |       |     1 |       ||     1
    Use: Potion            |       |       |     1 ||     1
   Stab: Sleeping          |     4 |     7 |     3 ||    14
 Armour: Skin              |    20 |    37 |    11 ||    68
  Dodge: Dodged            |    29 |    58 |     8 ||    95
  Block: Buckler           |     4 |    30 |     3 ||    37

Table legend: (Time is in decaauts)
 A = Elapsed time spent in this place.
 B = Non-inter-level travel time spent in this place.
 C = Inter-level travel time spent in this place.
 D = Time resting spent in this place.
 E = Time spent auto-exploring this place.
 F = Levels seen in this place.
 G = Mean time per level.
                   A        B        C        D        E       F      G
               +--------+--------+--------+--------+--------+-----+--------+
         Total |   3302 |   3019 |    283 |     70 |   2335 |   5 |  660.4 |
       Dungeon |   3302 |   3019 |    283 |     70 |   2335 |   5 |  660.4 |
               +--------+--------+--------+--------+--------+-----+--------+

Top non-repeatable levels by time:
     D:2: 868 daAuts
     D:4: 859 daAuts
     D:3: 814 daAuts
     D:1: 724 daAuts
     D:5: 35 daAuts
